 Dungeon Crawl Stone Soup version 0.25.1-2-g60ff931df9 (webtiles) character file.

Game seed: 5557747704927934301

172 Ijustatesigmund the Chopper (level 5, -2/37 HPs)
             Began as an Octopode Fighter on Sept 8, 2020.
             Killed from afar by Blork the orc (7 damage)
             ... with a puff of flame
             ... on level 4 of the Dungeon.
             The game lasted 00:04:46 (3145 turns).

Ijustatesigmund the Chopper (Octopode Fighter)      Turns: 3145, Time: 00:04:46

Health: -2/37      AC:  1    Str: 15    XL:     5   Next: 53%
Magic:  5/5        EV: 12    Int: 16    God:
Gold:   155        SH:  9    Dex: 13    Spells: 4/4 levels left

rFire    . . .     SeeInvis .   a - +0 war axe
rCold    . . .     Gourm    .   b - +0 kite shield
rNeg     . . .     Faith    .   (helmet restricted)
rPois    .         Spirit   .   (no amulet)
rElec    .         Reflect  .   e - +6 ring of intelligence
rCorr    .         Harm     .   (no ring)
MR       .....                  (no ring)
Stlth    ++........             (no ring)
HPRegen  0.12/turn              (no ring)
MPRegen  0.09/turn              (no ring)
                                (no ring)
                                (no ring)

@: mighty, brilliant, hasted, very quick
A: almost no armour, stealthy swim, amphibious, 8 rings, constrict 8, camouflage
1, gelatinous body 1
a: no special abilities


You were on level 4 of the Dungeon.
You were not hungry.

You visited 1 branch of the dungeon, and saw 4 of its levels.

You collected 155 gold pieces.

Inventory:

Hand Weapons
 a - a +0 war axe (weapon)
 n - a +2 flail of protection
Armour
 b - a +0 kite shield (worn)
Jewellery
 e - a +6 ring of intelligence (left tentacle)
Scrolls
 m - a scroll of teleportation
Potions
 c - 2 potions of might
 f - 2 potions of curing
 g - a potion of resistance
 h - a potion of stabbing
 i - a potion of haste
 l - a potion of magic {unknown}
 o - a potion of flight {unknown}
 q - a potion of ambrosia {unknown}
Comestibles
 d - 6 rations
 p - 3 chunks of flesh


   Skills:
 + Level 4.1 Fighting
 + Level 4.2 Axes
 + Level 3.3 Dodging
 + Level 3.3 Shields


You had 4 spell levels left.
You didn't know any spells.
Your spell library was empty.

Dungeon Overview and Level Annotations

Branches:
Dungeon (4/15)
 Temple: D:4-7

Altars:
Nemelex Xobeh
Wu Jian

Annotations:
D:4 Blork the orc


Innate Abilities, Weirdness & Mutations

You cannot wear most types of armour.
You are very stealthy in the water. (Stealth+)
You are amphibious.
You can wear up to eight rings at the same time.
You can use your tentacles to constrict eight enemies at once.
Your skin changes colour to match your surroundings (Stealth+).
Your rubbery body absorbs attacks. (AC +1, EV +1)


Message History

You feel yourself speed up.
The adder hisses angrily.
Blork the orc casts a spell.
Blork the orc seems to speed up.
You open the door.
Found a helmet.
You closely miss the adder. Your grab misses the adder. You squeeze the adder!
You kill the adder!
There is an open door here.
It was a potion of brilliance.
You feel clever all of a sudden.
Some of the chunks of flesh in your inventory have rotted away.
You hit Blork the orc. Your grab misses Blork the orc.
Blork the orc is lightly wounded.
Blork the orc misses you. Blork the orc hits you with a +0 mace.
* * * LOW HITPOINT WARNING * * *
Found a scroll of teleportation.
Blork the orc points at you and mumbles some strange words.
The puff of flame hits you!
You die...

. .. ..... ... .... ....
... ..... #.# ###
......####+##.#######...
..?....@......#.........
..........o...#!........
..............'.........
########################


You could see Blork the orc (fast).

Vanquished Creatures
  8 adders
  An ooze (D:3)
  5 worms
  A dart slug (D:1)
  A leopard gecko (D:1)
  An orc (D:3)
  3 ball pythons
  3 giant cockroaches
  12 goblins
  8 hobgoblins
  3 jackals
  3 quokkas (D:3)
  4 bats
  3 frilled lizards
  10 kobolds
  15 rats
81 creatures vanquished.

Notes
Turn   | Place    | Note
-------+----------+-------------------------------------------
     0 | D:1      | Ijustatesigmund the Octopode Fighter began the quest for
                  | the Orb.
     0 | D:1      | Reached XP level 1. HP: 16/16 MP: 1/1
   146 | D:1      | Reached XP level 2. HP: 21/21 MP: 2/2
   563 | D:1      | Reached XP level 3. HP: 25/26 MP: 3/3
  1247 | D:2      | Reached XP level 4. HP: 30/32 MP: 4/4
  2340 | D:3      | Reached XP level 5. HP: 37/37 MP: 5/5
  2909 | D:3      | Found a sparkling altar of Nemelex Xobeh.
  3012 | D:3      | Found an ornate altar of the Wu Jian Council.
  3127 | D:4      | Noticed Blork the orc
  3145 | D:4      | Killed from afar by Blork the orc

Illustrated notes

Levels and vault maps discovered:
D:1:      heliophobic_arrival_ceremonial_halls, layout_basic,
          serial_bayou_lagoon_a, chequers_serial_rivers_micro_a
D:2:      layout_basic, minmay_octomino_c4
D:3:      layout_basic, marbit_many_paths, first_ration, grunt_ministairs_7,
          nemelex_xobeh_ov_fountains_minmay
D:4:      layout_gridville, grunt_temple_overflow_order_and_chaos_1,
          grunt_temple_overflow_cloverleaf, serial_shops, shop_scrolls,
          uniq_blork_the_orc

Skill      XL: |  1  2  3  4  5 |
---------------+----------------+-----
Axes           | 3 4 |  4.2
Fighting       | 4 |  4.1
Dodging        | |  3.3
Shields        | |  3.3

Action                   |  1- 3 |  4- 6 || total
-------------------------+-------+-------++-------
Melee: War axe           |    52 |    84 ||   136
       Constrict         |    16 |    24 ||    40
       Tentacles         |     6 |    13 ||    19
  Use: Scroll            |     2 |     8 ||    10
       Potion            |       |     4 ||     4
 Stab: Sleeping          |     6 |    13 ||    19
  Eat: Chunk             |     1 |     6 ||     7
Armor: Skin              |     1 |     1 ||     2
Dodge: Dodged            |    16 |    30 ||    46
Block: Kite shield       |    24 |    37 ||    61
